 Dungeon Crawl Stone Soup version 0.20.1-1-g8b1a95d66d (webtiles) character file.

288 Gargoyl the Skirmisher (level 6, -1/52 HPs)
             Began as a Centaur Abyssal Knight on Dec 8, 2017.
             Was a Believer of Lugonu.
             Slain by a scorpion (2 damage)
             ... on level 4 of the Dungeon.
             The game lasted 00:05:16 (2887 turns).

Gargoyl the Skirmisher (Centaur Abyssal Knight)     Turns: 2887, Time: 00:05:17

Health: -1/52      AC:  7    Str: 15    XL:     6   Next: 9%
Magic:  8/8        EV:  8    Int: 11    God:    Lugonu [**....]
Gold:   128        SH:  0    Dex: 13    Spells: 8/8 levels left

rFire    + . .     SeeInvis +   g - +3 dagger of the Shining Light {pierce, rF+ rC- rN++ SInv}
rCold    x . .     Gourm    .   (no shield)
rNeg     + + .     Faith    .   d - +1 ring mail
rPois    .         Spirit   .   (no helmet)
rElec    .         Reflect  .   (no cloak)
rCorr    .         Harm     .   (no gloves)
MR       .....                  (no barding)
Stlth    ..........             (no amulet)
Regen    0.2/turn               r - +3 ring of dexterity
MPRegen  0.2/turn               (no ring)

@: lethally poisoned (-1 -> -18), very quick
A: hooves 3, deformed body, speed 2, tough skin 3
a: Depart the Abyss, Bend Space, Renounce Religion


You were on level 4 of the Dungeon.
You worshipped Lugonu.
Lugonu was pleased with you.
You were not hungry.

You visited 1 branch of the dungeon, and saw 4 of its levels.
You visited the Abyss 1 time.

You collected 128 gold pieces.

Inventory:

Hand Weapons
 a - a +2 hand axe
 g - the +3 dagger of the Shining Light (weapon) {pierce, rF+ rC- rN++ SInv}
   (You found it on level 3 of the Abyss)

   It inflicts extra damage upon your enemies.
   It protects you from fire.
   It makes you vulnerable to cold.
   It greatly protects you from negative energy.
   It lets you see invisible.
Missiles
 n - 6 javelins (quivered)
Armour
 d - a +1 ring mail (worn)
Jewellery
 r - a +3 ring of dexterity (left hand)
Scrolls
 e - a scroll of remove curse
 p - 3 scrolls of teleportation
 t - a scroll of magic mapping
Potions
 b - a potion of heal wounds
 h - a potion of invisibility {unknown}
 i - a potion of might {unknown}
 k - 2 potions of curing {unknown}
 o - a potion of lignification {unknown}
 q - 2 potions of ambrosia {unknown}
Comestibles
 c - 6 bread rations
 f - 4 fruits
 j - a meat ration
 l - 2 royal jellies
 m - 2 chunks of flesh


   Skills:
 + Level 3.9 Fighting
 + Level 2.2 Short Blades
 - Level 1.8 Axes
 * Level 2.1 Throwing
 + Level 2.7 Armour
 - Level 0.6 Dodging
 * Level 1.6 Spellcasting
 + Level 2.1 Invocations


You had 8 spell levels left.
You didn't know any spells.

Dungeon Overview and Level Annotations

Branches:
Dungeon (4/15)
 Temple: D:4-7

Altars:
Gozag
Ru
Vehumet


Innate Abilities, Weirdness & Mutations

You have hooves in place of feet.
Armour fits poorly on your strangely shaped body.
You cover ground very quickly.
You have extremely tough skin. (AC +3)


Message History

You hit the scorpion. Your kick misses the scorpion.
The scorpion is lightly wounded.
* * * LOW HITPOINT WARNING * * *
You feel sick. The scorpion stings you!
* * * LOW HITPOINT WARNING * * *
You hit the scorpion.
The scorpion is moderately wounded.
* * * LOW HITPOINT WARNING * * *
You feel sick. The scorpion stings you.
* * * LOW HITPOINT WARNING * * *
You hit the scorpion.
The scorpion is heavily wounded.
* * * LOW HITPOINT WARNING * * *
You feel sick.
The scorpion stings you but does no damage.
You hit the scorpion but do no damage.
The scorpion is heavily wounded.
* * * LOW HITPOINT WARNING * * *
You feel sick. The scorpion stings you.
You die...

.. .
#.
.#
.#
##.
#)#
##@#
#.s#
#.##
#.#
#..#
#.##
..
...
....


You could see a scorpion.

Vanquished Creatures
  An ogre (D:4)
  2 orc priests (D:3)
  An iguana (D:3)
  Robin (D:3)
  4 adders (D:2)
  A worm (D:3)
  A dart slug (D:1)
  4 orcs (D:3)
  A ball python (D:2)
  4 giant cockroaches
  17 goblins
  5 hobgoblins
  5 jackals
  5 kobolds
  2 quokkas
  7 bats
  2 frilled lizards
  2 rats (D:1)
65 creatures vanquished.

Notes
Turn   | Place    | Note
-------+----------+-------------------------------------------
     0 | Abyss:1  | Gargoyl the Centaur Abyssal Knight began the quest for the Orb.
     0 | Abyss:1  | Reached XP level 1. HP: 19/19 MP: 2/2
    38 | Abyss:1  | Noticed a large abomination
    60 | Abyss:1  | Noticed a small abomination
    62 | Abyss:1  | Noticed a large abomination
    79 | Abyss:1  | Noticed a sixfirhy
    97 | Abyss:2  | Noticed an apocalypse crab
   109 | Abyss:2  | Noticed a large abomination
   124 | Abyss:3  | Noticed a balrug
   124 | Abyss:3  | Got a faintly glowing dagger
   125 | D:1      | Escaped the Abyss
   132 | D:1      | Identified the cursed +3 dagger of the Shining Light {pierce, rF+ rC- rN++ SInv} (You found it on level 3 of the Abyss)
   445 | D:1      | Reached XP level 2. HP: 21/26 MP: 3/3
   842 | D:1      | Reached * piety under Lugonu
  1184 | D:2      | Reached XP level 3. HP: 31/31 MP: 4/4
  1418 | D:2      | Reached skill level 1 in Throwing
  1597 | D:2      | Reached XP level 4. HP: 40/40 MP: 5/5
  1779 | D:3      | Noticed Robin
  1820 | D:3      | Found a sacrificial altar of Ru.
  1826 | D:3      | Killed Robin
  1991 | D:3      | Reached skill level 1 in Spellcasting
  2022 | D:3      | Reached ** piety under Lugonu
  2022 | D:3      | Reached skill level 1 in Short Blades
  2022 | D:3      | Reached XP level 5. HP: 28/46 MP: 6/6
  2505 | D:3      | Found a radiant altar of Vehumet.
  2579 | D:3      | Found an opulent altar of Gozag.
  2734 | D:4      | Noticed an ogre
  2881 | D:4      | Killed an ogre
  2881 | D:4      | Reached XP level 6. HP: 21/52 MP: 8/8
  2886 | D:4      | HP: 2/52 [poisoned by a scorpion]
  2887 | D:4      | Slain by a scorpion

Skill      XL: |  1  2  3  4  5 |
---------------+----------------+-----
Armour         | 2 |  2.7
Throwing       | 1 2 |  2.1
Spellcasting   | 1 |  1.6
Short Blades   | 1 2 |  2.2
Fighting       | |  3.9
Axes           | |  1.8
Dodging        | |  0.6
Invocations    | |  2.1

Action                   |  1- 3 |  4- 6 || total
-------------------------+-------+-------++-------
Melee: Dagger            |    96 |    96 ||   192
       Hand axe          |     4 |       ||     4
       Kick              |    10 |    16 ||    26
Invok: Depart the Abyss  |     1 |       ||     1
  Use: Scroll            |     6 |     3 ||     9
  Eat: Chunk             |     1 |     4 ||     5
Armor: Ring mail         |    66 |    42 ||   108
Dodge: Dodged            |    48 |    28 ||    76
